 Dungeon Crawl Stone Soup version 0.23-a0-666-g28d4f2f0af (webtiles) character file.

2065 Notair the Cleaver (level 9, -13/78 HPs)
             Began as a Minotaur Gladiator on Jan 8, 2019.
             Was a Follower of Okawaru.
             Mangled by a cyclops (28 damage)
             ... on level 6 of the Dungeon.
             The game lasted 00:18:27 (7235 turns).

Notair the Cleaver (Minotaur Gladiator)             Turns: 7235, Time: 00:18:27

Health: -13/78     AC:  8    Str: 18    XL:     9   Next: 5%
Magic:  8/8        EV: 13    Int:  8    God:    Okawaru [*.....]
Gold:   439        SH:  0    Dex: 13    Spells: 8/8 levels left

rFire    . . .     SeeInvis .   a - +1 war axe
rCold    . . .     Gourm    .   (no shield)
rNeg     . . .     Faith    .   s - +0 scale mail
rPois    .         Spirit   .   c - +1 hat
rElec    .         Reflect  .   (no cloak)
rCorr    .         Harm     .   (no gloves)
MR       .....                  (no boots)
Stlth    ..........             (no amulet)
HPRegen  0.23/turn              n - ring of attention (curse)
MPRegen  0.11/turn              B - ring of wizardry

@: no status effects
A: retaliatory headbutt, horns 2
a: Heroism, Renounce Religion


You were on level 6 of the Dungeon.
You worshipped Okawaru.
Okawaru was aware of your devotion.
You were not hungry.

You visited 2 branches of the dungeon, and saw 7 of its levels.
You also visited: Ossuary.

You collected 439 gold pieces.

Inventory:

Hand Weapons
 a - a +1 war axe (weapon)
 i - a +0 hunting sling
 q - the +5 whip "Muirry" {flame, Str+5 Int-3 SInv}
   (You found it on level 4 of the Dungeon)

   It has been specially enchanted to burn those struck by it, causing extra
   injury to most foes and up to half again as much damage against particularly
   susceptible opponents.
   It affects your strength (+5).
   It affects your intelligence (-3).
   It lets you see invisible.
 w - a +0 dagger of venom
 E - a +0 great sword of holy wrath
Missiles
 d - a throwing net (quivered)
 h - 236 stones
 t - 135 bolts
 v - 51 sling bullets
 x - 13 poisoned needles
 F - 6 tomahawks
Armour
 b - a +0 leather armour
 c - a +1 hat (worn)
 s - a +0 scale mail (worn)
Jewellery
 n - a cursed ring of attention (left hand)
 B - a ring of wizardry (right hand)
Scrolls
 e - 4 scrolls of remove curse
 g - a scroll of enchant armour
 k - a scroll of noise {unknown}
 l - a scroll of fear {unknown}
 o - 4 scrolls of identify
 p - 3 scrolls of teleportation
 r - a scroll of immolation
 y - 3 scrolls of amnesia
 A - a scroll of enchant weapon
 H - a scroll of blinking {unknown}
Potions
 j - 7 potions of curing
 m - 3 potions of brilliance
 u - 2 potions of lignification
 z - a potion of magic
 C - 3 potions of cancellation
 D - a potion of resistance
 G - a potion of agility
 I - a potion of berserk rage {unknown}
Comestibles
 f - 8 rations


   Skills:
 + Level 6.8 Fighting
 * Level 9.7 Axes
 - Level 2.0 Throwing
 + Level 6.1 Armour
 + Level 6.6 Dodging


You had 8 spell levels left.
You didn't know any spells.
Your spell library contained the following spells:

 Spells                   Type           Power        Failure   Level  Hunger
 Magic Dart               Conj           #...         43%         1    ##.....
 Blink                    Tloc           N/A          56%         2    ###....
 Call Imp                 Summ           #.......     56%         2    ###....
 Slow                     Hex            #.......     56%         2    ###....
 Conjure Flame            Conj/Fire      #.......     80%         3    ####...
 Mephitic Cloud           Conj/Pois/Air  #.......     80%         3    ####...


Dungeon Overview and Level Annotations

Branches:
Dungeon (6/15)             Temple (1/1) D:5

Altars:
Cheibriados
Dithmenos
Fedhas
Gozag
Kikubaaqudgha
Nemelex Xobeh
Okawaru
Qazlal
Ru
Sif Muna
Uskayaw
Wu Jian
Yredelemnul
Zin


Innate Abilities, Weirdness & Mutations

You reflexively headbutt those who attack you in melee.
You have a pair of horns on your head.


Message History

You hit the cyclops but do no damage.
You headbutt the cyclops, but do no damage.
The cyclops is moderately wounded.
The cyclops hits you!
* * * LOW HITPOINT WARNING * * *
You slash the cyclops!
The cyclops is heavily wounded.
You hit the cyclops but do no damage.
You headbutt the cyclops, but do no damage.
The cyclops is heavily wounded.
The cyclops barely misses you.
You slash the cyclops!
The cyclops is almost dead.
The cyclops hits you.
* * * LOW HITPOINT WARNING * * *
Okay, then.
You hit the cyclops.
The cyclops is almost dead.
The cyclops hits you!!
You die...

*,* #...≈##,,**,,*#(.##≈...
*,* #≈...#,.#,≈,,≈##.,#...≈
*,* #.≈≈.#8.#,,**,,#.8#.≈≈.
*,* #...≈#,.#≈,,>,≈#.,#≈...
*,* #...≈#,.#≈,⌠,,≈#.,#)...
*,* #.≈≈.#8.#,,**,,*,8#.≈≈.
*,**#≈...#,.##≈,,≈**,,#...≈
*,,,#...≈##C.#*,,**,,##≈...
*,#..#.≈..@#,,****,,##..≈.#
*,#####.^..#*,,,,,,##...[##
*,* ###..≈###,,###≈..###
*,* ###^..####...### *,*
###......### # *,*
#.#.###### # *,* #...######
## *,* ##.###...## .## *,*
#..#..#..##


You could see a cyclops.

Vanquished Creatures
  Grinder (D:6)
  Duvessa (D:4)
  2 sky beasts (D:6)
  2 ogres
  A phantom (D:5)
  A centaur (D:5)
  2 bullfrogs (D:6)
  A gnoll sergeant (D:6)
  Dowan (D:4)
  2 howler monkeys
  A crimson imp (D:5)
  2 bullfrog zombies (D:5)
  2 hounds
  3 orc wizards
  A jelly (D:6)
  6 orc priests
  4 worker ants
  2 iguanas
  Terence (D:2)
  A hound zombie (Ossuary)
  4 mummies (Ossuary)
  A worker ant zombie (D:5)
  A howler monkey zombie (D:6)
  7 gnolls
  4 adders
  A shadow imp (D:5)
  3 oozes
  An adder zombie (D:5)
  An adder skeleton (D:3)
  2 worms
  3 dart slugs
  A leopard gecko (D:3)
  16 orcs
  10 bats
  4 giant cockroaches
  5 goblins
  7 hobgoblins
  2 quokkas
  2 ball pythons
  7 frilled lizards
  A gnoll zombie (Ossuary)
  A goblin zombie (Ossuary)
  2 hobgoblin zombies (Ossuary)
  2 jackal zombies
  6 kobolds
  A kobold zombie (Ossuary)
  A leopard gecko skeleton (D:6)
  4 orc zombies (Ossuary)
  A quokka skeleton (D:6)
  6 rats
  A rat zombie (Ossuary)
145 creatures vanquished.

Notes
Turn   | Place    | Note
-------+----------+-------------------------------------------
     0 | D:1      | Notair the Minotaur Gladiator began the quest for the Orb.
     0 | D:1      | Reached XP level 1. HP: 18/18 MP: 0/0
   174 | D:1      | Reached XP level 2. HP: 25/25 MP: 1/1
   181 | D:1      | Reached skill level 4 in Axes
   463 | D:1      | Reached skill level 1 in Armour
   663 | D:1      | Reached XP level 3. HP: 30/30 MP: 2/2
  1093 | D:2      | Noticed Terence
  1098 | D:2      | Killed Terence
  1235 | D:2      | Found a stormy altar of Qazlal.
  1261 | D:2      | Reached XP level 4. HP: 38/38 MP: 3/3
  2362 | D:3      | Reached skill level 5 in Axes
  2483 | D:3      | Found a basalt altar of Yredelemnul.
  2681 | D:3      | Reached XP level 5. HP: 45/45 MP: 4/4
  3267 | D:4      | Reached XP level 6. HP: 51/52 MP: 5/5
  3271 | D:4      | Reached skill level 6 in Axes
  3841 | D:4      | Identified the +5 whip "Muirry" {flame, Str+5 Int-3 SInv}
                  | (You found it on level 4 of the Dungeon)
  3934 | D:4      | Noticed Dowan
  3948 | D:4      | Killed Dowan
  4008 | D:4      | Noticed Duvessa
  4018 | D:4      | Killed Duvessa
  4018 | D:4      | Reached skill level 5 in Dodging
  4018 | D:4      | Reached XP level 7. HP: 39/60 MP: 6/6
  4304 | D:5      | Entered Level 5 of the Dungeon
  4309 | D:5      | Reached skill level 7 in Axes
  4514 | D:5      | Reached skill level 5 in Fighting
  4655 | D:5      | Found a staircase to the Ecumenical Temple.
  4749 | Temple   | Entered the Ecumenical Temple
  5087 | Temple   | Became a worshipper of Warmaster Okawaru
  5225 | D:5      | Reached XP level 8. HP: 34/69 MP: 7/7
  5614 | D:5      | Reached skill level 8 in Axes
  5732 | D:6      | Identified a scroll of acquirement
  5739 | D:6      | Noticed Grinder
  5748 | D:6      | Paralysed by Grinder for 3 turns
  5767 | D:6      | Paralysed by Grinder for 4 turns
  5773 | D:6      | Killed Grinder
  5773 | D:6      | Reached skill level 5 in Armour
  5807 | D:6      | Found a sand-covered staircase.
  5812 | Ossuary  | Entered an ossuary
  6322 | D:6      | Reached * piety under Okawaru
  6322 | D:6      | Reached skill level 9 in Axes
  7195 | D:6      | Reached XP level 9. HP: 68/78 MP: 8/8
  7217 | D:6      | Noticed a cyclops
  7235 | D:6      | Mangled by a cyclops

Vault maps used:
D:1:      minmay_arrival_checkered_box, minmay_misc_feat_secret_circle
D:2:      cheibrodos_helix_gallery, grunt_qazlal_clouds, uniq_terence
D:3:      lemuel_crystal_altar
D:4:      first_ration, uniq_duvessa
D:5:      minmay_temple_entry_drinking_statues
D:6:      enter_ossuary_5, nzn_random_ring, uniq_grinder
Temple:   minmay_temple_forest_path
Ossuary:  ossuary_minmay_tomb_2a

Skill      XL: |  1  2  3  4  5  6  7  8 |
---------------+-------------------------+-----
Axes           | 4 5 6 7 9 |  9.7
Armour         | 1 2 3 4 6 |  6.1
Fighting       | 3 4 5 6 |  6.8
Dodging        | 4 5 6 |  6.6
Throwing       | |  2.0

Action                   |  1- 3 |  4- 6 |  7- 9 || total
-------------------------+-------+-------+-------++-------
Melee: War axe           |    58 |   132 |   183 ||   373
       Headbutt          |    15 |    18 |    32 ||    65
Throw: Throwing net      |       |     1 |     2 ||     3
  Use: Scroll            |       |     7 |     8 ||    15
  Eat: Chunk             |     1 |     8 |     2 ||    11
       Ration            |       |       |     3 ||     3
Armor: Leather armour    |    18 |       |       ||    18
       Scale mail        |     2 |    46 |    64 ||   112
Dodge: Dodged            |    35 |    72 |   105 ||   212

Table legend:
 A = Non-vault XP
 B = Vault XP
 C = Vault XP percentage of total XP
 D = Non-vault monster count
 E = Vault monster count
 F = Vault count percentage of total count
                 A         B        C        D         E       F
            +---------+---------+-------+---------+---------+-------
      Total |    1912 |    1039 |  35.2 |     115 |      30 |  20.7
            +---------+---------+-------+---------+---------+-------
        D:1 |      53 |       0 |   0.0 |      29 |       0 |   0.0
        D:2 |      36 |      35 |  49.3 |      13 |       3 |  18.8
        D:3 |      74 |       0 |   0.0 |      12 |       0 |   0.0
        D:4 |     434 |     211 |  32.7 |      26 |       2 |   7.1
        D:5 |     745 |       0 |   0.0 |      19 |       0 |   0.0
        D:6 |     570 |     693 |  54.9 |      16 |       9 |  36.0
    Ossuary |       0 |     100 | 100.0 |       0 |      16 | 100.0
            +---------+---------+-------+---------+---------+-------
